 Dungeon Crawl Stone Soup version 0.26.1-11-gd32895ea62 (webtiles) character file.

Game seed: 18049175967172896720

2005 SandySky the Slicer (level 9, -4/78 HPs)
             Began as a Minotaur Fighter on May 14, 2021.
             Was a Priest of Okawaru.
             Slain by an orc warrior
             ... wielding a +0 battleaxe
              (23 damage)
             ... on level 9 of the Dungeon.
             The game lasted 00:26:57 (5995 turns).

SandySky the Slicer (Minotaur Fighter)              Turns: 5995, Time: 00:26:57

Health: -4/78      AC:  4    Str: 23    XL:     9   Next: 2%
Magic:  8/8        EV:  9    Int:  5    God:    Okawaru [***...]
Gold:   256        SH: 12    Dex: 11    Spells: 8/8 levels left

rFire    . . .     SeeInvis .   l - +9 short sword (speed)
rCold    + . .     Faith    .   c - +1 kite shield
rNeg     . . .     Spirit   .   t - +0 troll leather armour
rPois    .         Reflect  .   (helmet restricted)
rElec    .         Harm     .   (no cloak)
rCorr    .         Rampage  .   (no gloves)
Will     .....                  (no boots)
Stlth    ..........             u - amulet of inaccuracy (curse)
HPRegen  0.63/turn              v - ring of protection from cold
MPRegen  0.11/turn              n - ring of attention (curse)

@: no status effects
A: retaliatory headbutt, horns 2
a: Renounce Religion, Heroism


You were on level 9 of the Dungeon.
You worshipped Okawaru.
Okawaru was most pleased with you.
You visited 2 branches of the dungeon, and saw 10 of its levels.
You also visited: Bailey.

You collected 256 gold pieces.

Inventory:

Hand Weapons
 a - a +0 flail
 k - a +0 shortbow
 l - a +9 short sword of speed (weapon)
 m - a +2 dagger of protection
 q - a +4 war axe of freezing
 E - a +0 mace of protection
Missiles
 j - 179 stones (quivered)
 o - 91 arrows
 C - 12 boomerangs
Armour
 b - a +0 scale mail
 c - a +1 kite shield (worn)
 t - a +0 troll leather armour (worn)
Jewellery
 h - an uncursed ring of positive energy
 n - a cursed ring of attention (right hand)
 p - an uncursed ring of fire
 u - a cursed amulet of inaccuracy (around neck)
 v - a ring of protection from cold (left hand)
Wands
 g - a wand of paralysis (5)
 x - a wand of flame (21)
 z - a wand of iceblast (9)
 B - a wand of enslavement (9)
Scrolls
 e - 3 scrolls of blinking
 f - 3 scrolls of amnesia
 i - a scroll of enchant armour
 r - 5 scrolls of teleportation
 s - 3 scrolls of identify
 y - 2 scrolls of fear {unknown}
 F - 2 scrolls of acquirement {unknown}
Potions
 d - a potion of might
 w - a potion of brilliance {unknown}
 A - 2 potions of resistance {unknown}
 D - a potion of haste {unknown}


   Skills:
 + Level 6.4 Fighting
 * Level 8.8 Short Blades
 - Level 4.5 Maces & Flails
 + Level 1.4 Throwing
 - Level 3.6 Armour
 + Level 8.2 Shields
 + Level 0.4 Evocations


You had 8 spell levels left.
You didn't know any spells.
Your spell library contained the following spells:

 Spells                   Type           Power        Failure   Level
 Confusing Touch          Hex            0%           99%         3
 Gell's Gravitas          Tloc           0%           99%         3
 Petrify                  Tmut/Erth      0%           100%        4
 Metabolic Englaciation   Hex/Ice        0%           100%        5
 Yara's Violent Unravell  Hex/Tmut       0%           100%        5
 Haunt                    Necr/Summ      0%           100%        7
 Borgnjor's Revivificati  Necr           0%           100%        8
 Infestation              Necr           0%           100%        8
 Necromutation            Tmut/Necr      0%           100%        8
 Death's Door             Necr           0%           100%        9


Dungeon Overview and Level Annotations

Branches:
Dungeon (9/15)             Temple (1/1) D:4          Bailey (visited)
   Lair: D:8-11         Orc: D:9-12

Altars:
Ashenzari
Cheibriados
Elyvilon
Fedhas
Gozag
Hepliaklqana
Kikubaaqudgha
Nemelex Xobeh
Okawaru
Qazlal
Ru
Sif Muna
Trog
Uskayaw
Wu Jian
Xom
Yredelemnul
Zin
The Shining One

Shops:
D:5 =

Annotations:
D:5 !


Innate Abilities, Weirdness & Mutations

You reflexively headbutt those who attack you in melee.
You have a pair of horns on your head.


Message History

As you read the scroll of blinking, it crumbles to dust.
You block the orc warrior's attack.
The orc warrior hits you with a +0 battleaxe!!!
Ouch! That really hurt!
You block the goblin's attack.
Welcome back to the Dungeon!
There is an empty arch of ancient stone here.
You miss the orc warrior. You barely miss the orc warrior.
You block the goblin's attack.
The orc warrior hits you with a +0 battleaxe!!
* * * LOW HITPOINT WARNING * * *
You miss the orc warrior. Your headbutt misses the orc warrior.
You hit the orc warrior.
The orc warrior is lightly wounded.
You block the goblin's attack.
You hit the orc warrior. You headbutt the orc warrior!
The orc warrior is heavily wounded.
The orc warrior no longer looks unusually strong.
The orc warrior hits you with a +0 battleaxe!!
You die...

#.#
#.........#
#.#
#.........#
..#
########+##
### ##+######
#.......#
#...g@..#
######....o..#
.............#
######.......#
#.......#
#...รท...#
####.#### #..#
##.##


You could see an orc warrior and a goblin.

Vanquished Creatures
  A troll (D:6)
  A water moccasin (D:5)
  2 orc warriors
  A phantom (D:5)
  3 centaurs
  An ogre (D:5)
  Blork the orc (D:6)
  A bullfrog (D:7)
  A howler monkey (D:5)
  A centaur zombie (D:6)
  A quasit (D:9)
  2 bullfrog zombies
  5 orc priests
  4 hounds
  An orc wizard (D:3)
  2 jellies
  Terence (D:2)
  2 iguanas
  A worker ant (D:4)
  2 hound skeletons
  9 adders
  8 gnolls
  3 white imps
  An ufetubus (D:6)
  An ooze (D:2)
  An adder zombie (D:8)
  2 worms (D:2)
  A leopard gecko (D:3)
  17 orcs
  2 bats (D:2)
  4 giant cockroaches
  12 goblins
  5 hobgoblins
  3 jackals (D:4)
  7 quokkas
  5 frilled lizards
  12 kobolds
  A quokka skeleton (D:5)
  3 rats
131 creatures vanquished.

Vanquished Creatures (others)
  A ball python skeleton (D:6)
  2 plants (D:6)
3 creatures vanquished.

Grand Total: 134 creatures vanquished

Notes
Turn   | Place    | Note
-------+----------+-------------------------------------------
     0 | D:1      | SandySky the Minotaur Fighter began the quest for the Orb.
     0 | D:1      | Reached XP level 1. HP: 19/19 MP: 0/0
   103 | D:3      | Reached XP level 2. HP: 10/27 MP: 1/1
   448 | D:4      | Found a staircase to the Ecumenical Temple.
   457 | Temple   | Entered the Ecumenical Temple
   600 | Temple   | Became a worshipper of Warmaster Okawaru
   638 | D:4      | Reached XP level 3. HP: 23/34 MP: 2/2
   653 | D:5      | Entered Level 5 of the Dungeon
   752 | D:5      | Found a hide-covered altar of Uskayaw.
   927 | D:4      | Reached XP level 4. HP: 37/41 MP: 3/3
   976 | D:4      | Reached skill level 5 in Shields
  1342 | D:4      | Reached XP level 5. HP: 37/47 MP: 4/4
  1549 | D:3      | Found a sacrificial altar of Ru.
  1561 | D:3      | Reached * piety under Okawaru
  1658 | D:2      | Noticed Terence
  1672 | D:2      | Killed Terence
  1673 | D:2      | Reached skill level 5 in Fighting
  2088 | D:2      | Reached skill level 1 in Short Blades
  2093 | D:2      | Reached XP level 6. HP: 18/56 MP: 5/5
  2353 | D:2      | Found a hazy altar of Hepliaklqana.
  3584 | D:5      | Reached XP level 7. HP: 16/61 MP: 6/6
  3815 | D:6      | Reached ** piety under Okawaru
  3970 | D:5      | Found a bloodstained altar of Trog.
  4226 | D:5      | Reached skill level 5 in Short Blades
  4371 | D:5      | Found Ysingo's Jewellery Emporium.
  4377 | D:5      | Reached XP level 8. HP: 70/70 MP: 7/7
  4448 | D:5      | Found a bloodstained altar of Trog.
  4886 | D:6      | Noticed Blork the orc
  4894 | D:6      | Killed Blork the orc
  5198 | D:6      | Reached skill level 1 in Throwing
  5256 | D:6      | Noticed a troll
  5263 | D:6      | Killed a troll
  5263 | D:6      | Reached *** piety under Okawaru
  5282 | D:6      | Noticed a boulder beetle
  5282 | D:6      | Noticed a slime creature
  5706 | D:9      | Found a flagged portal.
  5730 | Bailey   | Entered a bailey
  5749 | Bailey   | Noticed an orc warlord
  5820 | Bailey   | Reached XP level 9. HP: 21/78 MP: 8/8
  5958 | Bailey   | Found a runed translucent gate.
  5960 | Bailey   | Found a runed translucent gate.
  5962 | Bailey   | Found a runed translucent gate.
  5995 | D:9      | Slain by an orc warrior

Illustrated notes

Levels and vault maps discovered:
D:1:      lemuel_arrival_hallway, layout_basic
D:2:      layout_basic, general_overflow_altar, uniq_terence
D:3:      layout_rooms, nicolae_ru_great_annihilating_truth,
          kennysheep_generic_room_12
D:4:      layout_rooms, minmay_temple_entry_ruins,
          chequers_serial_rivers_large_a, hangedman_abyss_or_decor_passed
D:5:      layout_basic, old_standard_altar, bloody_trog, serial_shops,
          nicolae_shop_crystal, trog_hazing_becter
D:6:      minmay_klotski, layout_basic, lemuel_round_altar, serial_bayou,
          serial_bayou_ford_a, serial_bayou_pond_e, serial_bayou_lagoon_b,
          serial_bayou_pond_e, serial_bayou_pond_b, uniq_blork_the_orc
D:7:      layout_cave_pools, uniq_duvessa
D:8:      layout_basic, grunt_temple_overflow_lords_of_destruction,
          uniq_gastronok, uniq_maurice
D:9:      layout_roguey, enter_bailey_1
Temple:   regret_index_temple_waves

Skill      XL: |  1  2  3  4  5  6  7  8 |
---------------+-------------------------+-----
Fighting       | 4 5 6 |  6.4
Shields        | 4 5 6 7 8 |  8.2
Maces & Flails | 3 4 |  4.5
Short Blades   | 1 3 6 8 |  8.8
Throwing       | 1 |  1.4
Armour         | |  3.6
Evocations     | |  0.4

Action                   |  1- 3 |  4- 6 |  7- 9 || total
-------------------------+-------+-------+-------++-------
Melee: Flail             |    45 |    72 |       ||   117
       Headbutt          |    10 |    24 |    29 ||    63
       Short sword       |       |   123 |   177 ||   300
Throw: Stone             |       |     6 |    14 ||    20
Evoke: Wand              |       |       |     8 ||     8
  Use: Scroll            |       |    12 |     3 ||    15
       Potion            |       |     4 |       ||     4
 Stab: Paralysed         |       |       |     4 ||     4
Armor: Scale mail        |    16 |    72 |    13 ||   101
       Troll leather arm |       |       |    18 ||    18
Dodge: Dodged            |    20 |    46 |    55 ||   121
Block: Kite shield       |    28 |   103 |   118 ||   249
